 Dungeon Crawl Stone Soup version 0.26-a0-602-gd42a14c23b (webtiles) character file.

Game seed: 11850775265168159944

438 Descartes the Shield-Bearer (level 7, -3/52 HPs)
             Began as a Formicid Fighter on Aug 31, 2020.
             Slain by Pikel
             ... wielding a +0 whip of electrocution
              (8 damage)
             ... on level 4 of the Dungeon.
             The game lasted 00:06:52 (3062 turns).

Descartes the Shield-Bearer (Formicid Fighter)      Turns: 3062, Time: 00:06:53

Health: -3/52      AC: 14    Str: 21    XL:     7   Next: 21%
Magic:  7/7        EV:  9    Int:  9    God:
Gold:   164        SH: 15    Dex: 10    Spells: 6/6 levels left

rFire    . . .     SeeInvis +   y - +1 long sword (holy)
rCold    . . .     Faith    .   s - +0 kite shield
rNeg     . . .     Spirit   .   H - +4 scale mail
rPois    .         Reflect  +   (helmet unavailable)
rElec    .         Harm     .   F - +0 cloak
rCorr    .                      A - +0 pair of gloves
MR       +....                  (no boots)
Stlth    ..........             E - amulet of reflection
HPRegen  0.17/turn              t - ring of wizardry
MPRegen  0.10/turn              B - ring of protection from magic

@: no status effects
A: permanent stasis, dig shafts and tunnels, four strong arms, antennae 3
a: Dig, Shaft Self


You were on level 4 of the Dungeon.
You visited 1 branch of the dungeon, and saw 4 of its levels.

You collected 164 gold pieces.

Inventory:

Hand Weapons
 a - a +0 long sword
 v - a +1 hand axe of draining
 y - a +1 long sword of holy wrath (weapon)
Missiles
 e - 69 arrows
 k - 22 sling bullets
 l - 23 poisoned darts (quivered)
 n - 170 stones
 w - 3 boomerangs
Armour
 i - a +0 plate armour
 s - a +0 kite shield (worn)
 A - a +0 pair of gloves (worn)
 F - a +0 cloak (worn)
 H - a +4 scale mail (worn)
Jewellery
 m - an uncursed amulet of regeneration
 t - a ring of wizardry (left hand)
 B - a ring of protection from magic (right hand)
 E - an amulet of reflection (around neck)
Wands
 c - a wand of disintegration (1)
 h - a wand of random effects (13)
Scrolls
 f - 8 scrolls of identify {unknown}
 g - a scroll of fog {unknown}
 j - 2 scrolls of blinking {unknown}
 o - 2 scrolls of noise {unknown}
 r - 2 scrolls of enchant weapon {unknown}
 u - a scroll of teleportation {unknown}
 x - a scroll of enchant armour {unknown}
 G - a scroll of remove curse {unknown}
Potions
 b - a potion of stabbing {unknown}
 d - 3 potions of might
 p - 2 potions of degeneration {unknown}
 q - a potion of mutation {unknown}
 z - a potion of brilliance {unknown}
 C - a potion of haste {unknown}
 D - 2 potions of flight {unknown}


   Skills:
 - Level 3.2 Fighting
 - Level 2.0 Long Blades
 + Level 6.3 Armour
 + Level 7.0 Shields


You had 6 spell levels left.
You didn't know any spells.
Your spell library was empty.

Dungeon Overview and Level Annotations

Branches:
Dungeon (4/15)
 Temple: D:4-7

Altars:
Ashenzari
Fedhas
Kikubaaqudgha
Makhleb
Ru
Xom
Zin

Annotations:
D:4 Pikel


Innate Abilities, Weirdness & Mutations

You cannot be hasted, slowed, berserked, paralysed or teleported.
You can dig through walls and to a lower floor.
Your four strong arms can wield two-handed weapons with a shield.
You have a pair of large antennae on your head. (SInv)


Message History

You block Pikel's attack.
You closely miss Pikel.
Pikel is severely wounded.
You block Pikel's attack.
You completely miss Pikel.
Pikel is severely wounded.
You block Pikel's attack. Pikel hits you but does no damage.
You are electrocuted!
* * * LOW HITPOINT WARNING * * *
You hit Pikel but do no damage.
Pikel is severely wounded.
You block Pikel's attack.
You hit Pikel but do no damage.
Pikel is severely wounded.
Pikel barely misses you.
You riposte.
You hit Pikel.
Pikel is almost dead.
You hit Pikel.
Pikel is almost dead.
Pikel hits you but does no damage.
You are electrocuted!
You die...

...........##.#
..........##.####
.......#..#....#
.......##..### .......
##..# ....... ##.####
......# #....#########
......5#######..........
......5K@..#####........
..$...5###..............
....... #######.....^..
....... #........
......# ######### .....#
#####


You could see Pikel and 3 lemures.

Vanquished Creatures
  A water moccasin (D:2)
  A phantom (D:4)
  A lemure (D:4)
  A bullfrog skeleton (D:3)
  Jessica (D:2)
  Terence (D:2)
  A hound skeleton (D:4)
  Robin (D:2)
  A worker ant zombie (D:3)
  2 adders
  An ooze (D:3)
  An adder zombie (D:3)
  An adder skeleton (D:3)
  A worm (D:3)
  2 leopard geckos
  2 orcs (D:3)
  2 giant cockroaches
  18 goblins
  9 hobgoblins
  10 jackals
  2 quokkas
  A ball python (D:1)
  14 bats
  6 frilled lizards
  7 kobolds
  10 rats
98 creatures vanquished.

Vanquished Creatures (others)
  2 withered plants (D:3)
2 creatures vanquished.

Grand Total: 100 creatures vanquished

Notes
Turn   | Place    | Note
-------+----------+-------------------------------------------
     0 | D:1      | Descartes the Formicid Fighter began the quest for the Orb.
     0 | D:1      | Reached XP level 1. HP: 18/18 MP: 1/1
   248 | D:1      | Reached XP level 2. HP: 24/24 MP: 2/2
   339 | D:1      | Reached skill level 4 in Shields
   527 | D:1      | Reached XP level 3. HP: 29/29 MP: 3/3
  1117 | D:2      | Found a shimmering altar of Xom.
  1306 | D:2      | Noticed a water moccasin
  1318 | D:2      | Killed a water moccasin
  1318 | D:2      | Reached skill level 5 in Armour
  1318 | D:2      | Reached skill level 5 in Shields
  1318 | D:2      | Reached XP level 4. HP: 25/35 MP: 4/4
  1318 | D:2      | Reached XP level 5. HP: 29/41 MP: 5/5
  1537 | D:2      | Found a glowing silver altar of Zin.
  1539 | D:2      | Noticed Terence
  1555 | D:2      | Killed Terence
  1555 | D:2      | Reached XP level 6. HP: 47/47 MP: 6/6
  1562 | D:2      | Noticed Robin
  1565 | D:2      | Noticed Jessica
  1617 | D:2      | Killed Robin
  1617 | D:2      | Reached skill level 6 in Shields
  1622 | D:2      | Killed Jessica
  1745 | D:2      | Found a sacrificial altar of Ru.
  2140 | D:3      | Found a burning altar of Makhleb.
  2499 | D:3      | Found a shattered altar of Ashenzari.
  2588 | D:3      | Found an ancient bone altar of Kikubaaqudgha.
  2593 | D:3      | Found a blossoming altar of Fedhas.
  2915 | D:4      | Noticed a phantom
  2936 | D:4      | Killed a phantom
  2936 | D:4      | Reached XP level 7. HP: 46/52 MP: 7/7
  2978 | D:4      | Reached skill level 7 in Shields
  3046 | D:4      | Noticed Pikel
  3062 | D:4      | Slain by Pikel

Illustrated notes

Levels and vault maps discovered:
D:1:      dpeg_arrival_refuge, layout_loops_corners
D:2:      layout_rooms, xom_butterflies, lemuel_coloured_pillars_altar,
          nicolae_overflow_hidden_temple, uniq_terence, uniq_jessica, uniq_robin
D:3:      wad_river_or_something, layout_loops_ring,
          grunt_temple_overflow_growth_and_decay, lemuel_doored_altar,
          bloody_makhleb, serial_undead, serial_undead_c, serial_undead_a,
          serial_undead_e, serial_undead_c
D:4:      minmay_diamond_boxcup, layout_rooms, okawaru_altar_gauntlet_db,
          serial_shops, shop, uniq_pikel

Skill      XL: |  1  2  3  4  5  6  7 |
---------------+----------------------+-----
Shields        | 4 5 6 7 |  7.0
Armour         | 5 6 |  6.3
Fighting       | |  3.2
Long Blades    | |  2.0

Action                   |  1- 3 |  4- 6 |  7- 9 || total
-------------------------+-------+-------+-------++-------
Melee: Long sword        |   155 |   195 |    16 ||   366
       Hand axe          |       |    62 |       ||    62
 Abil: Dig               |       |     3 |       ||     3
Armor: Scale mail        |    18 |       |     8 ||    26
       Plate armour      |    94 |   147 |     1 ||   242
       Leather armour    |     3 |       |       ||     3
Dodge: Dodged            |    50 |    51 |     5 ||   106
Block: Kite shield       |    96 |   159 |    17 ||   272
       Rpst.: Long sword |    19 |    14 |     3 ||    36

Table legend: (Time is in decaauts)
 A = Elapsed time spent in this place.
 B = Non-inter-level travel time spent in this place.
 C = Inter-level travel time spent in this place.
 D = Time resting spent in this place.
 E = Time spent auto-exploring this place.
 F = Levels seen in this place.
 G = Mean time per level.
                   A        B        C        D        E       F      G
               +--------+--------+--------+--------+--------+-----+--------+
         Total |   3210 |   3010 |    200 |      0 |   1974 |   4 |  802.5 |
       Dungeon |   3210 |   3010 |    200 |      0 |   1974 |   4 |  802.5 |
               +--------+--------+--------+--------+--------+-----+--------+

Top non-repeatable levels by time:
     D:1: 1133 daAuts
     D:3: 1114 daAuts
     D:2: 806 daAuts
     D:4: 156 daAuts
